 Dungeon Crawl Stone Soup version 0.31.0-32-g396128a36d (webtiles) character file.

Game seed: 10667265779026409456

378 Alphaeus the Ruffian (level 6, -2/41 HPs)
             Began as an Octopode Shapeshifter on Mar 19, 2024.
             Slain by an orc wizard
             ... wielding a +0 dagger
              (3 damage)
             ... on level 3 of the Dungeon.
             The game lasted 00:02:36 (2340 turns).

Alphaeus the Ruffian (Octopode Shapeshifter)        Turns: 2340, Time: 00:02:36

Health: -2/41      AC:  1    Str: 15    XL:     6   Next: 74%
Magic:  6/6        EV: 13    Int: 13    God:
Gold:   91         SH:  0    Dex: 11    Spells: 5/5 levels left

rFire   . .          .
                       - Unarmed
rCold   . . .        (no shield)
rNeg    . . .        (helmet currently unavailable)
rPois   .            (no amulet)
rElec   .            (no ring)
rCorr   .            (no ring)
SInv    .            (no ring)
Will    .....        (no ring)
Stlth   ++           (no ring)
HPRegen 0.26/turn    (no ring)
MPRegen 0.10/turn    (no ring)
                     (no ring)

%: no passive effects
@: beast-form
A: beast (slay +2), almost no armour, amphibious, 8 rings, camouflage 1,
gelatinous body 1, (nimble swimmer 1), tentacles
a: Begin Untransformation


You were on level 3 of the Dungeon.
You were a hulking beast.
You visited 1 branch of the dungeon, and saw 4 of its levels.

You collected 91 gold pieces.

Inventory:

Talismans
 b - a beast talisman
 c - a flux talisman
Scrolls
 d - 2 scrolls of poison {unknown}
 e - a scroll of silence {unknown}
 f - 5 scrolls of identify {unknown}
 g - 2 scrolls of vulnerability {unknown}
 j - a scroll of amnesia {unknown}
 l - 2 scrolls of enchant armour {unknown}
 n - 3 scrolls of teleportation {unknown}
 o - 2 scrolls of blinking {unknown}
 r - a scroll of noise {unknown}
Potions
 a - 2 potions of lignification
 h - a potion of brilliance
 i - a potion of ambrosia
 k - a potion of invisibility {unknown}
 m - 3 potions of degeneration {unknown}
 p - 2 potions of curing {unknown}
 q - a potion of berserk rage {unknown}


   Skills:
 + Level 2.6 Fighting
 + Level 3.1 Dodging
 * Level 4.9 Unarmed Combat
 * Level 4.6 Shapeshifting


You had 5 spell levels left.
You didn't know any spells.
Your spell library contained the following spells:

 Spells                   Type           Power      Damage    Failure   Level
 Necrotise                Necr           0%         1d4       30%         1
 Vampiric Draining        Necr           0%         2d6       67%         3
 Martyr's Knell           Necr/Summ      0%         N/A       97%         4
 Curse of Agony           Necr           0%         N/A       100%        5


Dungeon Overview and Level Annotations

Branches:
Dungeon (4/15)
 Temple: D:4-7

Altars:

Annotations:
D:4 Edmund


Innate Abilities, Weirdness & Mutations

You are a hulking beast.
Your limbs bulge with bestial killing power. (Slay +2)
You cannot wear most types of armour.
You are amphibious.
You can wear up to eight rings at the same time.
Your skin changes colour to match your surroundings (Stealth+).
Your rubbery body absorbs attacks. (AC +1, EV +1)
((You are camouflaged when in or above water. (Stealth+)))
You have tentacles for arms and can constrict up to eight enemies at once.


Message History

The puff of flame hits you! The orc hits you with a +0 dagger.
Things that are here:
a +0 hand axe; 6 stones You tentacle-slap something.
You hear some strange, mumbled words.
You are confused.
The orc hits you with a +0 dagger.
* * * LOW HITPOINT WARNING * * *
You closely miss something. Something hits you.
* * * LOW HITPOINT WARNING * * *
You bump into the rock wall.
Something hits you.
* * * LOW HITPOINT WARNING * * *
You bump into the rock wall.
Something hits you but does no damage.
You feel less confused.
You barely miss something. Your squeeze misses something.
The orc hits you with a +0 dagger.
* * * LOW HITPOINT WARNING * * *
Something hits you.
* * * LOW HITPOINT WARNING * * *
You tentacle-slap the orc. Your grab misses the orc.
Your squeeze misses the orc.
The orc is severely wounded.
The orc barely misses you. Something hits you.
* * * LOW HITPOINT WARNING * * *
You tentacle-slap the orc.
You kill the orc!
The bat hits you but does no damage. Something hits you.
* * * LOW HITPOINT WARNING * * *
The bat closely misses you.
You closely miss the bat. Your grab misses the bat. The bat barely misses you.
The bat hits you.
* * * LOW HITPOINT WARNING * * *
Something hits you.
* * * LOW HITPOINT WARNING * * *
You tentacle-slap the bat.
You kill the bat!
You start resting.
Something barely misses you.
Okay, then.
You bludgeon something! Something hits you.
You die...

#...............#####..#
#.....................##
#...............#..####
#..................##
#......<.<....#....## .#
##...........#......### ...#
###..##.#####.#.##...#
.#...####>###.##....#.####.#
..........)$h....####.## #.##
##....#.#####{.........###..#
####>.)# ######...........
##$)# ####)#####.. .....
####..###### ......?.
#...)....... ...........
#..####...### ............
#... ###.†.. .............
..# ##..#


There were no monsters in sight!

Vanquished Creatures
  Grinder (D:3)
  A hound (D:3)
  An orc wizard (D:4)
  4 adders
  4 dart slugs
  6 orcs
  6 endoplasms
  4 giant cockroaches
  10 goblins
  6 hobgoblins
  6 jackals
  4 quokkas
  6 ball pythons
  A bat (D:3)
  4 frilled lizards
  7 kobolds
  6 rats
77 creatures vanquished.

Notes
Turn   | Place    | Note
-------+----------+-------------------------------------------
     0 | D:1      | Alphaeus the Octopode Shapeshifter began the quest for the
                  | Orb.
     0 | D:1      | Reached XP level 1. HP: 13/13 MP: 1/1
   126 | D:1      | Reached XP level 2. HP: 18/18 MP: 2/2
   423 | D:1      | Reached XP level 3. HP: 21/23 MP: 3/3
   908 | D:2      | HP: 1/23 [poisoned by an adder]
   988 | D:2      | Reached XP level 4. HP: 25/28 MP: 4/4
  1019 | D:2      | You fall into a shaft and drop 2 floors!
  1312 | D:4      | Reached XP level 5. HP: 32/34 MP: 5/5
  1370 | D:4      | Noticed Edmund
  1451 | D:3      | Noticed Grinder
  1463 | D:3      | Killed Grinder
  1464 | D:3      | Reached XP level 6. HP: 41/41 MP: 6/6
  2336 | D:3      | HP: 2/41 [something (4)]
  2340 | D:3      | Slain by an orc wizard

Illustrated notes

Levels and vault maps discovered:
D:1:      lemuel_arrival_rhombus, layout_basic
D:2:      layout_basic
D:3:      layout_rooms, uniq_grinder
D:4:      layout_rooms, zin_scriptorium, uniq_edmund

Skill      XL: |  1  2  3  4  5 |
---------------+----------------+-----
Unarmed Combat | 4 |  4.9
Fighting       | 2 |  2.6
Shapeshifting  | 4 |  4.6
Dodging        | 3 |  3.1

Action                     |  1- 3 |  4- 6 || total
---------------------------+-------+-------++-------
  Melee: Unarmed           |    89 |    87 ||   176
         Constrict         |    24 |    15 ||    39
         Tentacles         |    13 |    14 ||    27
         Punch             |     2 |     4 ||     6
    Use: Potion            |     2 |     1 ||     3
   Stab: Sleeping          |     6 |     4 ||    10
         Distracted        |     1 |       ||     1
 Armour: Skin              |    30 |    54 ||    84
  Dodge: Dodged            |    56 |    37 ||    93
